 Dungeon Crawl Stone Soup version 0.29.1-2-gbd0b4ee654 (webtiles) character file.

Game seed: 14178811941930335646

2979 GeoRichter the Nimble (level 9, -1/61 HPs)
             Began as a Merfolk Gladiator on Nov 14, 2022.
             Was a Follower of Yredelemnul.
             Slain by an orc knight
             ... wielding a +0 halberd
              (7 damage)
             ... in a bailey.
             The game lasted 00:13:24 (6018 turns).

GeoRichter the Nimble (Merfolk Gladiator)           Turns: 6018, Time: 00:13:25

Health: -1/61      AC:  9    Str: 18    XL:     9   Next: 82%
Magic:  8/9        EV: 17    Int: 11    God:    Yredelemnul [*.....]
Gold:   129        SH:  0    Dex: 21    Spells: 8/8 levels left

rFire   . . .      SeeInvis .   b - +10 broad axe of Instinct {spect, Will+ Str+4 Dex+2}
rCold   . . .      Faith    .   (no shield)
rNeg    . . .      Spirit   .   t - +0 ring mail
rPois   .          Reflect  .   A - +1 helmet {Int+3}
rElec   .          Harm     .   (no cloak)
rCorr   .          Rampage  .   n - +1 pair of gloves
Will    +....                   (no boots)
Stlth   +.........              (no amulet)
HPRegen 0.20/turn               (no ring)
MPRegen 0.11/turn               (no ring)

@: no status effects
A: (nimble swimmer 2), mertail
a: Renounce Religion, Recall Undead Harvest


You were in a bailey.
You worshipped Yredelemnul.
Yredelemnul was noncommittal.
You visited 2 branches of the dungeon, and saw 8 of its levels.
You also visited: Sewer and Bailey.

You collected 346 gold pieces.
You spent 217 gold pieces at shops.

Inventory:

Hand Weapons
 b - the +10 broad axe of Instinct (weapon) {spect, Will+ Str+4 Dex+2}
   (You found it on level 3 of the Dungeon)

   When its wielder attacks, the weapon's spirit leaps out and strikes again.
   The spirit shares a part of any damage it takes with its wielder.
   Str:       It affects your strength (+4).
   Dex:       It affects your dexterity (+2).
   Will:      It increases your willpower.
 C - a +0 morningstar
   (You found it on level 7 of the Dungeon)
Missiles
 d - 2 throwing nets {!f}
 e - a javelin (quivered)
Armour
 n - a +1 pair of gloves (worn)
   (You found it on level 2 of the Dungeon)
 t - a +0 ring mail (worn)
   (You found it on level 3 of the Dungeon)
 A - a +1 helmet of intelligence (worn)
   (You bought it in a shop on level 5 of the Dungeon)
Jewellery
 h - a +4 ring of evasion
   (You found it on level 1 of the Dungeon)
 x - a ring of protection from cold
   (You found it on level 4 of the Dungeon)
Wands
 g - a wand of flame (5)
   (You found it on level 6 of the Dungeon)
Scrolls
 a - a scroll of enchant armour {unknown}
 c - a scroll of brand weapon {unknown}
 i - 8 scrolls of amnesia
 j - 2 scrolls of poison {unknown}
 k - a scroll of acquirement {unknown}
 m - 2 scrolls of silence {unknown}
 p - a scroll of summoning {unknown}
 q - 5 scrolls of teleportation {@r4}
 r - 2 scrolls of immolation {!r}
 s - 2 scrolls of butterflies
 v - 2 scrolls of vulnerability {unknown}
 y - 2 scrolls of enchant weapon {unknown}
 z - a scroll of fear {unknown}
 D - a scroll of noise {unknown}
Potions
 f - 5 potions of mutation {!q}
 l - 6 potions of curing {@q1}
 o - 4 potions of brilliance
 u - a potion of cancellation {unknown}
 w - 2 potions of attraction {!q}
 B - 3 potions of magic
 E - a potion of haste {@q3}
 F - a potion of might
 G - 6 potions of heal wounds {unknown}
 H - a potion of resistance


   Skills:
 + Level 2.2 Fighting
 - Level 5.1 Long Blades
 * Level 7.8 Axes
 - Level 6.0 Throwing
 + Level 9.9 Dodging
 + Level 0.0 Invocations


You had 8 spell levels left.
You didn't know any spells.
Your spell library contained the following spells:

 Spells                   Type           Power      Damage    Failure   Level
 Magic Dart               Conj           0%         1d3       54%         1
 Blink                    Tloc           0%         N/A       67%         2
 Call Imp                 Summ           0%         N/A       67%         2
 Dazzling Flash           Conj/Hex       0%         N/A       88%         3
 Lesser Beckoning         Tloc           0%         N/A       88%         3
 Mephitic Cloud           Conj/Pois/Air  0%         N/A       88%         3
 Iskenderun's Mystic Bla  Conj/Tloc      0%         2d3       99%         4
 Manifold Assault         Tloc           0%         N/A       100%        5
 Starburst                Conj/Fire      0%         6d3       100%        6


Dungeon Overview and Level Annotations

Branches:
Dungeon (7/15) Zot: 26442  Temple (1/1) D:6 Zot: 5967   Sewer (visited)
 Bailey (1/1) Zot: 5455

Altars:
Ashenzari
Cheibriados
Dithmenos
Elyvilon
Fedhas
Gozag
Hepliaklqana
Kikubaaqudgha
Makhleb
Nemelex Xobeh
Okawaru
Qazlal
Ru
Sif Muna
Trog
Vehumet
Wu Jian
Xom
Yredelemnul
Zin
The Shining One

Shops:
D:1 (   D:2 :   D:5 [


Innate Abilities, Weirdness & Mutations

((You are very nimble when in or above water. (Stealth+, EV+, Speed+++)))
Your lower body shifts to a powerful aquatic tail in water.


Message History

Items here: )) [[.
You see here a +0 halberd of draining.
There is an open door, spattered with blood here.
Things that are here:
a +0 spear; a +0 scale mail The orc knight misses you.
There is an open door here.
Things that are here:
a +0 trident; a +0 scale mail You swap places.
The orc knight hits your orc zombie with a +0 halberd!!
Your orc zombie is destroyed!
There is an open door, spattered with blood here.
Things that are here:
a +0 spear; a +0 scale mail You swap places.
You see here a +0 halberd of draining.
You swap places.
Something barely misses your orc zombie.
There is an open door here.
Items here: )) [[.
You swap places.
You see here a +2 halberd of draining.
You swap places.
Something hits your orc zombie!!
Your orc zombie is destroyed!
There is a fountain of blood, spattered with blood here.
You see here a +2 halberd of draining.
You begin recalling your allies.
Your orc zombie is recalled.
Your gnoll zombie is recalled.
Okay, then.
You finish recalling your allies.
The orc knight hits your orc zombie with a +0 halberd!
Your orc zombie is destroyed!
Your gnoll zombie hits the orc knight.
You swap places.
The orc knight hits you with a +0 halberd!
You see here a +2 halberd of draining.
You slash the orc knight! The orc knight barely misses you.
You slice the orc knight!! The orc knight closely misses you.
You slash the orc knight!
The orc knight hits you with a +0 halberd!!
The orc knight hits you but does no damage.
You slash the orc knight!
The orc knight hits you with a +0 halberd!!
* * * LOW HITPOINT WARNING * * *
You swap places.
The orc knight hits you from afar with a +0 halberd!
You die...
Your body rises from the dead as a mindless zombie.

### ### #####
#)###)###)).##
##'##Z##o###o#
##...ZZ## ##.....#
###...@Z### .....#
#.'..)..'.# ..⌠..'.
###...).### .....##
##..)..## #.....#
##'##'##'# #'##'##'#
#.###.###.#o# .# #.
#'# ### #### ### ##
#)###.###)#.#
#.###)#
##'##'##'###)##'##'#


You could see an orc knight (ally target), 2 friendly gnoll zombies and 2
friendly orc zombies.

Vanquished Creatures
  A shadow (D:7)
  Sigmund (D:3)
  2 steam dragons (D:7)
  2 water moccasins (D:6)
  A black bear (D:5)
  2 ice beasts (D:6)
  3 ogres
  5 centaurs
  A kobold brigand (D:7)
  3 bullfrogs
  2 scorpions
  4 crimson imps (D:3)
  A hound (D:4)
  6 orc priests
  2 iguanas
  A hell rat (Sewer)
  3 orc wizards (D:7)
  9 adders
  14 gnolls
  2 river rats (Sewer)
  2 shadow imps (D:6)
  2 white imps
  An ufetubus (D:6)
  2 worms
  A dart slug (D:2)
  34 orcs
  5 ball pythons
  6 bats
  4 endoplasms
  6 giant cockroaches
  4 goblins
  6 hobgoblins
  5 quokkas
  9 kobolds
  26 rats
178 creatures vanquished.

Vanquished Creatures (others)
  A bullfrog zombie (D:7)
  An ice beast zombie (D:6)
  5 orc zombies
  A spectral white imp (D:6)
  A spectral shadow imp (D:6)
  A gnoll zombie (Bailey)
  2 kobold zombies (D:7)
  A rat zombie (Sewer)
  A spectral ufetubus (D:6)
14 creatures vanquished.

Grand Total: 192 creatures vanquished

Notes
Turn   | Place    | Note
-------+----------+-------------------------------------------
     0 | D:1      | GeoRichter the Merfolk Gladiator began the quest for the
                  | Orb.
     0 | D:1      | Reached XP level 1. HP: 16/16 MP: 1/1
   324 | D:1      | Reached XP level 2. HP: 22/22 MP: 2/2
   402 | D:1      | Found a faded altar of an unknown god.
   626 | D:1      | Found Losout's Weapon Emporium.
   765 | D:2      | Reached XP level 3. HP: 25/27 MP: 3/3
  1050 | D:2      | Found Enout's Book Shoppe.
  1442 | D:3      | Noticed Sigmund
  1533 | D:3      | Reached XP level 4. HP: 31/33 MP: 4/4
  1622 | D:3      | Found a white marble altar of Elyvilon.
  1665 | D:3      | Reached skill level 5 in Long Blades
  1781 | D:3      | Identified the +10 broad axe of Instinct {spect, Will+
                  | Str+4 Dex+2}
  2096 | D:3      | Killed Sigmund
  2097 | D:3      | Reached skill level 5 in Dodging
  2097 | D:3      | Reached XP level 5. HP: 38/38 MP: 5/5
  2097 | D:3      | Reached XP level 6. HP: 44/44 MP: 6/6
  2235 | D:3      | Found a shimmering altar of Xom.
  2580 | D:3      | Identified the +0 robe of Summertime {Int+4}
  2897 | D:4      | Reached skill level 6 in Dodging
  2897 | D:4      | Reached XP level 7. HP: 50/50 MP: 7/7
  3080 | D:4      | Identified the +1 chain mail of the Ward {-Cast rPois rC++}
  3322 | D:5      | Entered Level 5 of the Dungeon
  3421 | D:5      | Reached XP level 8. HP: 43/56 MP: 8/8
  3509 | D:5      | Found Ophul's Antique Armour Boutique.
  3513 | D:5      | Reached skill level 7 in Dodging
  3807 | D:5      | Bought a glowing helmet for 217 gold pieces
  3878 | D:6      | Found a staircase to the Ecumenical Temple.
  3886 | Temple   | Entered the Ecumenical Temple
  3913 | Temple   | Became a worshipper of Yredelemnul the Dark
  3926 | D:6      | Reached skill level 5 in Throwing
  3927 | D:6      | Reached * piety under Yredelemnul
  3928 | D:6      | Reached skill level 5 in Axes
  4361 | D:6      | Reached skill level 8 in Dodging
  4385 | D:6      | Found a glowing drain.
  4394 | D:6      | Reached ** piety under Yredelemnul
  4398 | Sewer    | Entered a sewer
  4509 | D:6      | Reached XP level 9. HP: 59/61 MP: 9/9
  4792 | D:6      | Found an ancient bone altar of Kikubaaqudgha.
  5065 | D:7      | Reached skill level 9 in Dodging
  5209 | D:7      | Reached *** piety under Yredelemnul
  5437 | D:7      | Found a flagged portal.
  5481 | Bailey   | Entered a bailey
  5924 | Bailey   | Noticed an orc knight
  6018 | Bailey   | Slain by an orc knight

Illustrated notes

Levels and vault maps discovered:
D:1:      sevenhm_arrival_forest_fort_small_6, layout_loops_ring, serial_shops,
          nicolae_shop_stone, basic_ecumenical_altar
D:2:      layout_rooms, serial_shops, nicolae_shop_hallway_plus
D:3:      kb_forest_paths, layout_basic, mainiacjoe_overflow_tiny_flanked,
          led_xom_imps, minmay_rat_hole, uniq_sigmund
D:4:      wander_river, layout_gridville
D:5:      layout_rooms, serial_shops, nicolae_shop_stone
D:6:      layout_rooms, marbit_many_paths,
          minmay_temple_entry_statues_fountains, gup_sewer_entry_pipe
D:7:      layout_loops_ring, enter_bailey_2
Temple:   dpeg_three_leaves_temple
Bailey:   bailey_polearm_nasty_gnolls, bailey

Skill      XL: |  1  2  3  4  5  6  7  8  9 |
---------------+----------------------------+-----
Long Blades    | 4 5 |  5.1
Axes           | 2 3 4 6 7 |  7.8
Throwing       | 3 4 5 6 |  6.0
Dodging        | 5 6 8 9 |  9.9
Fighting       | |  2.2

Action                   |  1- 3 |  4- 6 |  7- 9 || total
-------------------------+-------+-------+-------++-------
Melee: Long sword        |    95 |    71 |       ||   166
       Broad axe         |       |    27 |   141 ||   168
       Punch             |       |       |     2 ||     2
Throw: Javelin           |     1 |       |       ||     1
       Throwing net      |       |     2 |       ||     2
Invok: Recall Undead Har |       |       |     5 ||     5
  Use: Scroll            |       |       |     9 ||     9
 Stab: Sleeping          |     2 |       |     1 ||     3
Armor: Leather armour    |    26 |    14 |       ||    40
       Ring mail         |       |    27 |    34 ||    61
Dodge: Dodged            |    80 |    73 |   137 ||   290
